 Dungeon Crawl Stone Soup version 0.29-a0-284-gf9362112df (webtiles) character file.

Game seed: 13196747981825603391

3990 snetch the Protected (level 10, -4/86 HPs)
             Began as a Minotaur Berserker on Mar 17, 2022.
             Was an Elder of Trog.
             Slain by an orc warrior
             ... wielding a +0 war axe
              (10 damage)
             ... in a bailey.
             The game lasted 00:18:54 (6989 turns).

snetch the Protected (Minotaur Berserker)           Turns: 6989, Time: 00:18:56

Health: -4/86      AC: 17    Str: 30    XL:     10   Next: 3%
Magic:  9/9        EV:  9    Int:  4    God:    Trog [****..]
Gold:   306        SH:  0    Dex: 10    Spells: 9/9 levels left

rFire   + . .      SeeInvis .   b - +2 morningstar (freeze)
rCold   + . .      Faith    .   (no shield)
rNeg    . . .      Spirit   .   H - +0 plate armour
rPois   +          Reflect  .   (helmet restricted)
rElec   .          Harm     .   (no cloak)
rCorr   .          Rampage  .   C - +0 pair of gloves
Will    +....                   A - +0 pair of boots of the Eleven Tables {rPois rC++ Str+4}
Stlth   ..........              (no amulet)
HPRegen 0.24/turn               r - ring of willpower
MPRegen 0.11/turn               m - ring of fire

@: on berserk cooldown, slowed, studying Poison Magic, very slow
A: horns 2, retaliatory headbutt
a: Renounce Religion, Berserk, Trog's Hand, Brothers in Arms


You were in a bailey.
You worshipped Trog.
Trog was greatly pleased with you.
You visited 1 branch of the dungeon, and saw 7 of its levels.
You also visited: Bailey.

You collected 306 gold pieces.

Inventory:

Hand Weapons
 a - a +3 war axe
 b - a +2 morningstar of freezing (weapon)
 c - a +2 trident of flaming
 w - a +0 glaive
 I - a +3 dire flail
 K - a +4 hand axe
 Q - a +0 battleaxe
Missiles
 h - 121 stones
 q - 2 throwing nets
 G - 2 silver boomerangs
 J - 9 boomerangs (quivered)
Armour
 A - the +0 pair of boots of the Eleven Tables (worn) {rPois rC++ Str+4}
   (You found it on level 4 of the Dungeon)

   Str:       It affects your strength (+4).
   rC:        It greatly protects you from cold.
   rPois:     It protects you from poison.
 C - a +0 pair of gloves (worn)
 H - a +0 plate armour (worn)
Jewellery
 m - a ring of fire (right hand)
 r - a ring of willpower (left hand)
Wands
 p - a wand of polymorph (11)
 E - a wand of digging (3)
Scrolls
 d - 2 scrolls of identify {unknown}
 f - 2 scrolls of fog {unknown}
 j - a scroll of silence {unknown}
 k - 4 scrolls of brand weapon {unknown}
 n - 2 scrolls of vulnerability {unknown}
 s - a scroll of holy word {unknown}
 t - 4 scrolls of teleportation {unknown}
 v - a scroll of magic mapping {unknown}
 x - a scroll of acquirement {unknown}
 y - a scroll of amnesia {unknown}
 D - 2 scrolls of enchant weapon {unknown}
 F - a scroll of torment {unknown}
 L - a scroll of fear {unknown}
 M - a scroll of blinking {unknown}
 O - a scroll of summoning {unknown}
Potions
 e - 2 potions of resistance {unknown}
 g - 2 potions of flight {unknown}
 i - a potion of lignification {unknown}
 l - 3 potions of curing {unknown}
 o - 3 potions of heal wounds
 u - a potion of ambrosia {unknown}
 z - a potion of degeneration {unknown}
 B - a potion of mutation {unknown}
 N - a potion of might {unknown}
 P - a potion of invisibility {unknown}


   Skills:
 + Level 7.3 Fighting
 + Level 6.0(9.0) Axes
 + Level 5.6(6.8) Maces & Flails
 + Level 8.5(9.3) Polearms
 + Level 3.5 Throwing
 + Level 10.1 Armour
 + Level 3.3 Dodging
 + Level 1.1 Stealth


You had 9 spell levels left.
You didn't know any spells.
Your spell library contained the following spells:

 Spells                   Type           Power      Damage    Failure   Level
 Corpse Rot               Necr/Air       0%         N/A       99%         2
 Poisonous Vapours        Pois/Air       0%         N/A       99%         2
 Animate Dead             Necr           0%         N/A       100%        4
 Fulminant Prism          Conj/Hex       0%         3d6       100%        4
 Iskenderun's Mystic Bla  Conj/Tloc      0%         2d3       100%        4
 Lee's Rapid Deconstruct  Erth           0%         3d5*      100%        5
 Haunt                    Necr/Summ      0%         N/A       100%        7
 Infestation              Necr           0%         N/A       100%        8


Dungeon Overview and Level Annotations

Branches:
Dungeon (7/15)             Temple (0/1) D:7          Bailey (1/1)

Altars:
Elyvilon
Fedhas
Uskayaw
Vehumet
Xom

Annotations:
D:4 3 runed translucent doors, AlmostDecent's ghost, amateur TeHu; chopper's ghost, amateur HOFi


Innate Abilities, Weirdness & Mutations

You have a pair of horns on your head.
You reflexively headbutt those who attack you in melee.


Message History

* * * LOW HITPOINT WARNING * * *
You puncture the orc warlord! You freeze the orc warlord.
You headbutt the orc warlord, but do no damage.
The orc warlord is almost dead.
The orc warlord hits you with a +0 long sword!
* * * LOW HITPOINT WARNING * * *
You barely miss the orc warlord.
The orc warlord is severely wounded.
The orc warlord completely misses you. You furiously retaliate!
You headbutt the orc warlord! You sock the orc warlord!
You freeze the orc warlord.
The orc warlord is almost dead.
The orc warlord hits you with a +0 long sword!
* * * LOW HITPOINT WARNING * * *
You puncture the orc warlord! You freeze the orc warlord.
You kill the orc warlord!
Trog accepts your kill.
The orc warrior no longer looks unusually strong. x2
Your Fighting skill increases to level 7!
Your base Axes skill increases to level 6!
Your base Maces & Flails skill increases to level 5!
Your Armour skill increases to level 10!
You have reached level 10!
You are too berserk!
You closely miss the hobgoblin. You headbutt the hobgoblin.
You kill the hobgoblin!
Trog accepts your kill.
You closely miss the hobgoblin. Your headbutt misses the hobgoblin.
You impale the hobgoblin!! You freeze the hobgoblin.
You kill the hobgoblin!
Trog accepts your kill.
Unknown command.
You sock the orc warrior! You freeze the orc warrior.
Your headbutt misses the orc warrior.
The orc warrior is moderately wounded.
You are no longer berserk.
You are exhausted.
You feel yourself slow down.
The orc warrior hits you with a +0 war axe!
You die...

.........#...........#
.........#.........).#
).......###.......))###
#.....###.###.....#'#.###
###.###
...###.###.....### ..###
.... ###.........## ...#
..... #8..........# ...#
....).#8..........# ...#
.....oo@....⌠....∩# ...#
......#8..........# ...#
..... #8..........# ..###
.... ###.........##
###.###
...###.###.....###
#.....###.###.....#'#.###
........###.......))###
.........#...........#
.........#...........#


You could see 2 orc warriors.

Vanquished Creatures
  An orc warlord (Bailey)
  Menkaure (D:5)
  A water moccasin (D:7)
  Duvessa (D:5)
  11 orc warriors
  2 sky beasts
  3 ogres
  A centaur (D:7)
  A necrophage (D:5)
  A bullfrog (D:4)
  A scorpion (D:3)
  5 wights (D:7)
  Dowan (D:5)
  4 hounds
  5 jellies
  2 orc priests
  An iguana (D:7)
  6 orc wizards
  6 gnolls
  5 adders
  A shadow imp (D:6)
  An ufetubus (D:4)
  2 worms (D:2)
  3 dart slugs (D:1)
  25 orcs
  5 bats
  9 endoplasms
  4 giant cockroaches
  24 goblins
  19 hobgoblins
  6 jackals
  A quokka (D:3)
  6 ball pythons
  4 frilled lizards
  8 kobolds
  11 rats
188 creatures vanquished.

Vanquished Creatures (others)
  A plant (D:5)
  6 withered plants (D:4)
7 creatures vanquished.

Grand Total: 195 creatures vanquished

Notes
Turn   | Place    | Note
-------+----------+-------------------------------------------
     0 | D:1      | snetch the Minotaur Berserker began the quest for the Orb.
     0 | D:1      | Reached XP level 1. HP: 19/19 MP: 0/0
    88 | D:1      | Reached XP level 2. HP: 12/27 MP: 1/1
   127 | D:1      | Reached ** piety under Trog
   190 | D:1      | Reached XP level 3. HP: 10/33 MP: 2/2
   724 | D:2      | Found a faded altar of an unknown god.
  1049 | D:2      | Reached skill level 3 in Armour
  1049 | D:2      | Reached XP level 4. HP: 29/41 MP: 3/3
  1770 | D:3      | Reached skill level 5 in Axes
  1945 | D:3      | Noticed a scorpion
  1950 | D:3      | Killed a scorpion
  1951 | D:3      | Reached skill level 1 in Throwing
  1951 | D:3      | Reached XP level 5. HP: 47/47 MP: 4/4
  2026 | D:3      | Reached skill level 1 in Polearms
  2042 | D:3      | Reached skill level 4 in Armour
  2755 | D:4      | Reached XP level 6. HP: 30/53 MP: 5/5
  3297 | D:4      | Identified the +0 pair of boots of the Eleven Tables {rPois
                  | rC++ Str+4}
  3316 | D:5      | Entered Level 5 of the Dungeon
  3486 | D:4      | Reached skill level 5 in Fighting
  3486 | D:4      | Reached skill level 5 in Armour
  3725 | D:4      | Found a runed translucent gate.
  3725 | D:4      | Found a runed translucent gate.
  3725 | D:4      | Found a runed translucent gate.
  3729 | D:4      | Noticed chopper's ghost (amateur HOFi)
  3729 | D:4      | Noticed AlmostDecent's ghost (amateur TeHu)
  3739 | D:4      | Reached XP level 7. HP: 48/61 MP: 6/6
  3951 | D:4      | Found a blossoming altar of Fedhas.
  4027 | D:4      | Reached *** piety under Trog
  4768 | D:5      | Found a hide-covered altar of Uskayaw.
  4819 | D:5      | Noticed Duvessa
  4820 | D:5      | Noticed Dowan
  4834 | D:5      | Reached skill level 6 in Armour
  4840 | D:5      | Killed Duvessa
  4842 | D:5      | Killed Dowan
  4843 | D:5      | Reached skill level 7 in Armour
  5141 | D:5      | Noticed Menkaure
  5181 | D:5      | Reached XP level 8. HP: 68/68 MP: 7/7
  5222 | D:5      | Found a radiant altar of Vehumet.
  5223 | D:5      | Found a shimmering altar of Xom.
  5226 | D:5      | Found a white marble altar of Elyvilon.
  5258 | D:5      | Killed Menkaure
  5259 | D:5      | Reached skill level 5 in Polearms
  5414 | D:6      | Reached skill level 8 in Armour
  6010 | D:7      | Reached skill level 1 in Stealth
  6080 | D:7      | Reached XP level 9. HP: 75/75 MP: 8/8
  6160 | D:7      | Found a staircase to the Ecumenical Temple.
  6175 | D:7      | Found a flagged portal.
  6231 | Bailey   | Entered a bailey
  6392 | Bailey   | Reached skill level 1 in Maces & Flails
  6392 | Bailey   | Reached skill level 9 in Armour
  6534 | Bailey   | Reached **** piety under Trog
  6963 | Bailey   | Noticed an orc warlord
  6984 | Bailey   | Killed an orc warlord
  6985 | Bailey   | Reached skill level 5 in Maces & Flails
  6985 | Bailey   | Reached skill level 10 in Armour
  6985 | Bailey   | Reached XP level 10. HP: 9/86 MP: 9/9
  6989 | Bailey   | Slain by an orc warrior

Illustrated notes

Levels and vault maps discovered:
D:1:      minmay_arrival_stone_box, layout_rooms, minmay_tetromino_l2
D:2:      layout_loops_cross, dreamdust_ecumenical_altar_statues
D:3:      layout_loops_corners, minmay_goblin_kobold_house
D:4:      layout_layer_cave, fedhas_altar_4, gammafunk_ghost_cemetery,
          minmay_misc_feat_secret_circle, minmay_manual_maat
D:5:      layout_loops_ring, gammafunk_temple_overflow_forgotten,
          lemuel_doored_altar, uniq_duvessa, uniq_menkaure
D:6:      layout_basic, gammafunk_ghost_arena
D:7:      layout_basic, minmay_temple_entry_tees, enter_bailey_5,
          chequers_serial_rivers_small_a
Bailey:   bailey_axe_minmay_hex_keep, bailey

Skill      XL: |  1  2  3  4  5  6  7  8  9 |
---------------+----------------------------+-----
Axes           | 4 5 6 |  6.0
Fighting       | 4 5 6 7 |  7.3
Armour         | 3 4 5 7 8 10 | 10.1
Throwing       | 1 2 3 |  3.5
Polearms       | 2 3 4 7 8 |  8.5
Dodging        | 3 |  3.3
Stealth        | 1 |  1.1
Maces & Flails | 5 |  5.6

Action                   |  1- 3 |  4- 6 |  7- 9 | 10-12 || total
-------------------------+-------+-------+-------+-------++-------
Melee: Hand axe          |    85 |    18 |       |       ||   103
       Headbutt          |    13 |    15 |    24 |     1 ||    53
       Glaive            |       |    48 |       |       ||    48
       Trident           |       |    50 |   114 |       ||   164
       Punch             |       |     1 |     1 |       ||     2
       Morningstar       |       |       |    82 |     4 ||    86
       War axe           |       |       |    13 |       ||    13
Throw: Stone             |    16 |    47 |    31 |       ||    94
       Boomerang         |       |       |     2 |       ||     2
Invok: Berserk           |       |     1 |     4 |       ||     5
       Trog's Hand       |       |     1 |     1 |       ||     2
  Use: Potion            |       |     1 |       |       ||     1
 Stab: Sleeping          |     1 |       |       |       ||     1
Armor: Ring mail         |    32 |     8 |       |       ||    40
       Scale mail        |       |    20 |       |       ||    20
       Chain mail        |       |    41 |    17 |       ||    58
       Plate armour      |       |       |   100 |       ||   100
Dodge: Dodged            |    52 |    73 |   109 |       ||   234

Table legend: (Time is in decaauts)
 A = Elapsed time spent in this place.
 B = Non-inter-level travel time spent in this place.
 C = Inter-level travel time spent in this place.
 D = Time resting spent in this place.
 E = Time spent auto-exploring this place.
 F = Levels seen in this place.
 G = Mean time per level.
                   A        B        C        D        E       F      G
               +--------+--------+--------+--------+--------+-----+--------+
         Total |   7094 |   6766 |    328 |    244 |   4525 |   8 |  886.8 |
       Dungeon |   6309 |   5981 |    328 |    244 |   3957 |   7 |  901.3 |
        Bailey |    785 |    785 |      0 |      0 |    568 |   1 |  785.0 |
               +--------+--------+--------+--------+--------+-----+--------+

Top non-repeatable levels by time:
     D:4: 1956 daAuts
     D:3: 1284 daAuts
     D:5: 1106 daAuts
     D:2: 806 daAuts
  Bailey: 785 daAuts
     D:1: 730 daAuts
     D:7: 266 daAuts
     D:6: 159 daAuts
